 Dungeon Crawl Stone Soup version 0.31-a0-875-g02e7d12df6 (webtiles) character file.

Game seed: 9508760422612430528

123 Xavori the Sneak (level 5, 0/54 HPs)
             Began as an Octopode Chaos Knight on Oct 12, 2023.
             Was a Plaything of Xom.
             Slain by an orc wizard
             ... wielding a +0 dagger
              (4 damage)
             ... on level 3 of the Dungeon.
             The game lasted 00:02:01 (9593 turns).

Xavori the Sneak (Octopode Chaos Knight)            Turns: 9593, Time: 00:02:02

Health: 0/54       AC:  1    Str:  8    XL:     5   Next: 7%
Magic:  5/5        EV: 14    Int: 17    God:    Xom [*.....]
Gold:   119        SH:  0    Dex: 20    Spells: 4/4 levels left

rFire   . . .        a - +0 short sword (chaos)
rCold   + . .        (no shield)
rNeg    . . .        (helmet restricted)
rPois   .            m - amulet of regeneration
rElec   .            k - ring of see invisible
rCorr   .            i - ring of protection from cold
SInv    +            (no ring)
Will    .....        (no ring) Stlth
                     (no ring)
HPRegen 1.09/turn    (no ring)
MPRegen 0.09/turn    (no ring)
                     (no ring)

%: random rage (3%)
@: berserking, very quick
A: almost no armour, amphibious, 8 rings, camouflage 1, gelatinous body 1,
(nimble swimmer 1), tentacles, fangs 1, tentacle spike 1, agile 2, berserk 1,
clever 1, no potion heal 1, MP-powered wands
a: Renounce Religion


You were on level 3 of the Dungeon.
You worshipped Xom.
You were a special plaything of Xom.
You visited 1 branch of the dungeon, and saw 3 of its levels.

You collected 119 gold pieces.

Inventory:

Hand Weapons
 a - a +0 short sword of chaos (weapon)
Jewellery
 i - a ring of protection from cold (right tentacle)
 k - a ring of see invisible (left tentacle)
 m - an amulet of regeneration (around mantle)
Scrolls
 b - a scroll of butterflies
 d - a scroll of blinking {unknown}
 e - 2 scrolls of teleportation {unknown}
 g - 2 scrolls of poison {unknown}
 h - 2 scrolls of identify {unknown}
 j - a scroll of brand weapon {unknown}
Potions
 c - a potion of cancellation {unknown}
 f - a potion of mutation {unknown}
 l - a potion of heal wounds {unknown}
 n - a potion of lignification {unknown}
 o - a potion of degeneration {unknown}


   Skills:
 + Level 3.6 Fighting
 + Level 3.6 Short Blades
 + Level 3.1 Dodging
 + Level 4.1 Stealth


You had 4 spell levels left.
You didn't know any spells.
Your spell library contained the following spells:

 Spells                   Type           Power      Damage    Failure   Level
 Poisonous Vapours        Pois/Air       0%         N/A       34%         2
 Inner Flame              Hex/Fire       0%         N/A       56%         3
 Mephitic Cloud           Conj/Pois/Air  0%         N/A       56%         3
 Freezing Cloud           Conj/Ice/Air   0%         6-21      100%        5
 Yara's Violent Unravell  Hex/Tmut       0%         3d3       100%        5
 Enfeeble                 Hex            0%         N/A       100%        7


Dungeon Overview and Level Annotations

Branches:
Dungeon (3/15)

Altars:

Shops:
D:1 [


Innate Abilities, Weirdness & Mutations

You cannot wear most types of armour.
You are amphibious.
You can wear up to eight rings at the same time.
Your skin changes colour to match your surroundings (Stealth+).
Your rubbery body absorbs attacks. (AC +1, EV +1)
((You are camouflaged when in or above water. (Stealth+)))
You have tentacles for arms and can constrict up to eight enemies at once.
You have very sharp teeth.
One of your tentacles bears a spike.
You are very agile. (Dex +8, Str/Int -2)
You sometimes lose your temper in combat.
Your mind is acute. (Int +4, Str/Dex -1)
Potions are less effective at restoring your health.
You expend magic power (3 MP) to strengthen your wands.


Message History

Your grab misses the orc wizard. You bite the orc wizard.
Your squeeze misses the orc wizard.
The orc wizard is moderately wounded.
The orc wizard barely misses you. The orc barely misses you.
Unknown command.
You barely miss the orc wizard. Your grab misses the orc wizard.
The orc wizard is moderately wounded.
The orc hits you with a +0 whip. The orc wizard casts a spell at you.
The magic dart hits you! The orc closely misses you.
The orc priest hits you with a +0 dagger.
Unknown command.
You barely miss the orc wizard. Your grab misses the orc wizard.
You bite the orc wizard, but do no damage.
You squeeze the orc wizard, but do no damage.
The orc wizard is moderately wounded.
Unknown command.
A red film seems to cover your vision as you go berserk!
You feel yourself moving faster!
You feel mighty!
You barely miss the orc wizard. You grab the orc wizard.
You pierce the orc wizard!
The orc wizard is severely wounded.
You constrict the orc wizard, but do no damage.
The orc wizard's magic is no longer disrupted.
The orc closely misses you.
The orc priest hits you with a +0 dagger.
The orc hits you with a +0 whip. The orc wizard closely misses you.
Unknown command.
You puncture the orc priest!
The orc priest suddenly seems more resistant.
Xom thinks this is hilarious!
Your grab misses the orc priest.
The orc priest is almost dead.
You constrict the orc wizard, but do no damage.
The orc misses you. The orc hits you with a +0 morningstar!
The orc priest invokes the aid of Beogh against you.
Beogh smites you!
* * * LOW HITPOINT WARNING * * *
The orc wizard hits you with a +0 dagger.
You die...

.. #.#.....###
#....#### #.#......##
.......####....##....
#.............###....
##.................###
#..........#.#####.# #
#....w.......# .# #
#...ooo......# #
#...o@)......## ...>[
#........>....# ..###
##........##..#
#.....)....#.....
#..........#.##.. #
#............. #.. #
#..%........##. .. .
..........(... . ..
§.≈≈.......#### ...


You could see an orc priest (resistant), an orc wizard (invisible), a dart slug
and 2 orcs.

Vanquished Creatures
  Jessica (D:2)
  4 adders
  4 worms
  An orc (D:3)
  4 bats
  An endoplasm (D:2)
  5 goblins
  5 hobgoblins
  2 jackals (D:2)
  8 kobolds
  3 quokkas
  6 ball pythons
  2 frilled lizards
  7 rats
53 creatures vanquished.

Notes
Turn   | Place    | Note
-------+----------+-------------------------------------------
     0 | D:1      | Xavori the Octopode Chaos Knight began the quest for the
                  | Orb.
     0 | D:1      | Reached XP level 1. HP: 16/16 MP: 1/1
    38 | D:1      | XOM: silly message
    73 | D:1      | XOM: silly message
   155 | D:1      | Reached XP level 2. HP: 21/21 MP: 2/2
   199 | D:1      | Found Xoyck's Antique Armour Shop.
   459 | D:1      | XOM: divination: magic mapping
   573 | D:1      | XOM: silly message
   636 | D:1      | XOM: silly message
  1916 | D:1      | XOM: silly message
  2452 | D:1      | XOM: summons 1 hostile demon
  3073 | D:1      | XOM is BORED!
  3299 | D:1      | XOM: silly message
  3678 | D:1      | XOM is BORED!
  3678 | D:1      | XOM: give mutations
  3678 | D:1      | Gained mutation: You sometimes lose your temper in combat.
                  | [Xom's mischief]
  3678 | D:1      | Gained mutation: You have very sharp teeth. [Xom's
                  | mischief]
  3678 | D:1      | Gained mutation: One of your tentacles bears a spike.
                  | [Xom's mischief]
  3949 | D:1      | XOM: give mutations
  3949 | D:1      | Gained mutation: Potions are less effective at restoring
                  | your health. [Xom's mischief]
  3949 | D:1      | Gained mutation: You are agile. (Dex +4, Str/Int -1) [Xom's
                  | mischief]
  4025 | D:1      | XOM: noise
  4029 | D:1      | XOM: give mutations
  4029 | D:1      | Gained mutation: You expend magic power (3 MP) to
                  | strengthen your wands. [Xom's grace]
  4029 | D:1      | Gained mutation: You are very agile. (Dex +8, Str/Int -2)
                  | [Xom's grace]
  4029 | D:1      | Gained mutation: Your mind is acute. (Int +4, Str/Dex -1)
                  | [Xom's grace]
  6541 | D:1      | XOM is BORED!
  8140 | D:1      | XOM: summons 1 hostile demon
  8354 | D:2      | Reached skill level 1 in Stealth
  8354 | D:2      | Reached XP level 3. HP: 20/26 MP: 3/3
  8552 | D:1      | XOM: god gift: 35 gold pieces
  8597 | D:1      | XOM is BORED!
  8637 | D:2      | Reached skill level 2 in Stealth
  8728 | D:2      | XOM: silly message
  8846 | D:2      | Noticed Jessica
  8856 | D:2      | Killed Jessica
  8857 | D:2      | Reached skill level 3 in Stealth
  8857 | D:2      | Reached XP level 4. HP: 10/31 MP: 4/4
  9075 | D:2      | XOM: 2-stop teleportation journey
  9242 | D:2      | XOM: 8-stop teleportation journey
  9523 | D:3      | Reached skill level 4 in Stealth
  9523 | D:3      | Reached XP level 5. HP: 36/36 MP: 5/5
  9584 | D:3      | XOM: enchant monster (bad)
  9593 | D:3      | Slain by an orc wizard

Illustrated notes

Levels and vault maps discovered:
D:1:      dpeg_arrival_three_same_balls, layout_rooms, serial_shops, shop,
          lexackson_kobold_supper
D:2:      layout_basic, uniq_jessica
D:3:      layout_rooms, mainiacjoe_overflow_small_starburst,
          nicolae_overflow_two_pavilions

Skill      XL: |  1  2  3  4 |
---------------+-------------+-----
Stealth        | 1 3 4 |  4.1
Dodging        | 3 |  3.1
Fighting       | |  3.6
Short Blades   | |  3.6

Action                     |  1- 3 |  4- 6 || total
---------------------------+-------+-------++-------
  Melee: Short sword       |    63 |    35 ||    98
         Constrict         |    17 |     4 ||    21
         Tentacles         |     6 |     4 ||    10
         Kick              |     6 |     7 ||    13
         Bite              |     2 |     4 ||     6
   Stab: Sleeping          |    10 |     8 ||    18
         Distracted        |       |     1 ||     1
 Armour: Skin              |    22 |    13 ||    35
  Dodge: Dodged            |    33 |    19 ||    52

Table legend: (Time is in decaauts)
 A = Elapsed time spent in this place.
 B = Non-inter-level travel time spent in this place.
 C = Inter-level travel time spent in this place.
 D = Time resting spent in this place.
 E = Time spent auto-exploring this place.
 F = Levels seen in this place.
 G = Mean time per level.
                   A        B        C        D        E       F      G
               +--------+--------+--------+--------+--------+-----+--------+
         Total |   9592 |   9530 |     62 |   8217 |    982 |   3 | 3197.3 |
       Dungeon |   9592 |   9530 |     62 |   8217 |    982 |   3 | 3197.3 |
               +--------+--------+--------+--------+--------+-----+--------+

Top non-repeatable levels by time:
     D:1: 8119 daAuts
     D:2: 1281 daAuts
     D:3: 192 daAuts
